 Dungeon Crawl Stone Soup version 0.32-a0-131-g9dbbe29261 (webtiles) character file.

Game seed: 10151485157368402094

812 Drazool the Insei (level 7, -4/52 HPs)
             Began as a Vampire Shapeshifter on Feb 8, 2024.
             Was a Follower of Uskayaw.
             Slain by an ogre
             ... wielding a +0 giant club
              (32 damage)
             ... on level 5 of the Dungeon.
             The game lasted 00:14:14 (4312 turns).

Drazool the Insei (Vampire Shapeshifter)            Turns: 4312, Time: 00:14:14

Health: -4/52      AC:  9    Str: 13    XL:     7   Next: 61%
Magic:  9/9        EV: 11    Int: 13    God:    Uskayaw [*.....]
Gold:   305        SH:  4    Dex: 15    Spells: 6/6 levels left

rFire   + .          .
                       - Unarmed
rCold   . . .        q - +0 buckler
rNeg    . . .        e - +0 ring mail
rPois   .            (helmet currently unavailable)
rElec   .            (cloak currently unavailable)
rCorr   .            (gloves currently unavailable)
SInv    +            (boots currently unavailable)
Will    .....        (no amulet)
Stlth   ++           F - ring of protection from fire
HPRegen 0.48/turn    T - +4 ring of protection
MPRegen 0.11/turn

%: no passive effects
@: beast-form, healing quickly
A: beast (slay +2), alive, fangs 3, see invisible, vampiric 2
a: Exsanguinate, Begin Untransformation, Renounce Religion, Stomp


You were on level 5 of the Dungeon.
You worshipped Uskayaw.
Uskayaw was noncommittal.
You were a hulking beast.
You visited 1 branch of the dungeon, and saw 5 of its levels.

You collected 328 gold pieces.
You spent 23 gold pieces at shops.


Innate Abilities, Weirdness & Mutations

You are a hulking beast.
Your limbs bulge with bestial killing power. (Slay +2)
Your natural rate of healing is accelerated.
You have razor-sharp teeth.
You have supernaturally acute eyesight. (SInv)
You are afflicted with vampirism and can become a bat while bloodless.


   Skills:
 - Level 3.0 Fighting
 - Level 3.0 Throwing
 - Level 3.0 Dodging
 - Level 3.0 Stealth
 + Level 5.0 Unarmed Combat
 - Level 3.0 Invocations
 - Level 5.0 Shapeshifting


You had 6 spell levels left.
You didn't know any spells.
Your spell library contained the following spells:

 Spells                   Type           Power      Damage    Failure   Level
 Magic Dart               Conj           0%         1d3       67%         1
 Blink                    Tloc           0%         N/A       82%         2
 Call Imp                 Summ           0%         N/A       82%         2
 Lesser Beckoning         Tloc           0%         N/A       82%         2
 Gell's Gravitas          Tloc           0%         N/A       96%         3
 Teleport Other           Tloc           0%         N/A       96%         3

Inventory:

Missiles
 g - 6 javelins
 j - 2 throwing nets {=f}
 A - 3 boomerangs
Armour
 a - a +0 animal skin
 e - a +0 ring mail (worn)
 k - a scarf of invisibility
 m - a +2 helmet
 q - a +0 buckler (worn)
Jewellery
 F - a ring of protection from fire (left hand)
 T - a +4 ring of protection (right hand)
Talismans
 c - a beast talisman
 d - a flux talisman
Wands
 s - a wand of acid (3)
Scrolls
 h - a scroll of blinking
 n - 2 scrolls of fear
 o - 4 scrolls of amnesia
 p - a scroll of revelation
 t - a scroll of poison
 u - a scroll of torment {unknown}
 v - a scroll of noise {unknown}
 w - a scroll of butterflies {unknown}
 x - 2 scrolls of teleportation {unknown}
 B - a scroll of vulnerability {unknown}
Potions
 b - a potion of lignification
 f - a potion of enlightenment {unknown}
 i - 2 potions of attraction {unknown}
 l - a potion of heal wounds {unknown}
 r - a potion of haste {unknown}
 z - a potion of might {unknown}

Dungeon Overview and Level Annotations

Branches:
Dungeon (5/15)
 Temple: D:4-7

Altars:
Fedhas
Kikubaaqudgha
Okawaru
Ru
Uskayaw
Vehumet

Shops:
D:2 * D:3

( ... #(# # .). #
#.##.##.# #.#...#.# !.
...⚑$.. ##. # #.O.# #
#.. #.##h##.# #.#
#.......#
#.##.####.####.#
#####.##...........#
####......######.######
..>............[)#
###.#.##########...#
..#.#†# ##....# ..#.#.#
..♣.#


You could see an ogre (poisoned).


Message History

The hound is severely wounded.
The hound closely misses you. The hound bites you but does no damage.
You barely miss the hound.
The hound is severely wounded.
The hound bites you.
You miss the hound.
The hound is severely wounded.
The hound bites you. You block the hound's attack.
You hit the hound.
The hound is almost dead.
The hound barely misses you.
You can now pass through a line of other dancers.
You punch the hound!
You kill the hound!
Training target 3.0 for Stealth reached!
Your Stealth skill increases to level 3!
You need to enable at least one skill for training.
The ogre shouts!
You throw a poisoned dart. The poisoned dart hits the ogre.
The ogre is poisoned.
You can no longer pass through a line of other dancers.
You hit the ogre.
The ogre is moderately wounded.
The ogre hits you with a +0 giant club!!
You punch the ogre!
The ogre is severely wounded.
The ogre hits you with a +0 giant club!!
Ouch! That really hurt!
You die...
Your body falls in perfect tune with the rhythm.

Skill      XL: |  1  2  3  4  5  6  7 |
---------------+----------------------+-----
Unarmed Combat | 4 5 |  5.0
Shapeshifting  | 4 5 |  5.0
Fighting       | 2 3 |  3.0
Dodging        | 3 |  3.0
Throwing       | 2 3 |  3.0
Invocations    | 3 |  3.0
Stealth        | 3 |  3.0

Action                     |  1- 3 |  4- 6 |  7- 9 || total
---------------------------+-------+-------+-------++-------
  Melee: Unarmed           |   107 |    91 |    41 ||   239
         Bite              |    14 |    13 |     3 ||    30
  Throw: Stone             |     8 |    14 |       ||    22
         Dart              |       |    35 |     6 ||    41
         Javelin           |       |     2 |       ||     2
  Evoke: Wand              |     1 |     7 |       ||     8
    Use: Scroll            |     4 |     1 |       ||     5
 Armour: Ring mail         |    41 |    41 |    14 ||    96
  Dodge: Dodged            |    37 |    31 |    18 ||    86
  Block: Buckler           |     4 |    13 |     4 ||    21

Levels and vault maps discovered:
D:1:      dpeg_arrival_orchard, layout_loops_ring, corexii_leaking_fountain
D:2:      layout_loops_corners, serial_shops, shop, basic_altar,
          minmay_rat_gold_closets
D:3:      layout_basic, serial_shops, nicolae_shop_drivethru, uniq_natasha,
          uniq_robin
D:4:      layout_cave_pools, gammafunk_temple_overflow_forgotten,
          kennysheep_mini
D:5:      layout_basic, nicolae_ru_sacrificial_ziggurat,
          mainiacjoe_overflow_tiny_flanked

Notes
Turn   | Place    | Note
-------+----------+-------------------------------------------
     0 | D:1      | Drazool the Vampire Shapeshifter began the quest for the
                  | Orb.
     0 | D:1      | Reached XP level 1. HP: 14/14 MP: 1/1
   223 | D:1      | Reached XP level 2. HP: 20/20 MP: 2/2
   254 | D:1      | Reached skill level 4 in Unarmed Combat
   766 | D:2      | Gained mutation: You are afflicted with vampirism and can
                  | become a bat while bloodless. [Vampire growth]
   766 | D:2      | Reached XP level 3. HP: 25/25 MP: 3/3
  1121 | D:2      | Reached skill level 5 in Unarmed Combat
  1144 | D:2      | Found Bayvvog's Assorted Antiques.
  1148 | D:2      | Bought a scroll labelled YSHYSA TYSOIK for 23 gold pieces
  1412 | D:2      | HP: 2/25 [gnoll/+0 flail (9)]
  1788 | D:3      | Identified the +2 robe of Brilliance {rCorr}
  1870 | D:3      | Reached XP level 4. HP: 30/31 MP: 4/4
  1943 | D:3      | Found a transporter.
  1945 | D:3      | Found Vuasman's Weapon Emporium.
  2005 | D:3      | Found a transporter.
  2047 | D:3      | Noticed a phantom
  2067 | D:3      | Reached skill level 4 in Shapeshifting
  2107 | D:3      | Reached skill level 1 in Fighting
  2125 | D:3      | Noticed Natasha
  2133 | D:3      | Killed Natasha
  2274 | D:3      | Killed a phantom
  2275 | D:3      | Reached skill level 2 in Fighting
  2275 | D:3      | Reached skill level 3 in Dodging
  2275 | D:3      | Reached XP level 5. HP: 38/38 MP: 5/5
  2901 | D:3      | Noticed Natasha
  2907 | D:3      | Killed Natasha
  2937 | D:3      | Found a transporter.
  2937 | D:3      | Found Vuasman's Weapon Emporium.
  3013 | D:3      | Noticed Robin
  3032 | D:3      | Found a transporter.
  3150 | D:3      | Killed Robin
  3250 | D:3      | Noticed Natasha
  3256 | D:3      | Killed Natasha
  3257 | D:3      | Reached skill level 5 in Shapeshifting
  3575 | D:4      | Noticed an ogre
  3586 | D:4      | Killed an ogre
  3587 | D:4      | Reached skill level 3 in Fighting
  3587 | D:4      | Reached XP level 6. HP: 47/47 MP: 6/6
  3603 | D:4      | Reached skill level 1 in Throwing
  3630 | D:4      | Found a blossoming altar of Fedhas.
  3631 | D:4      | Found a radiant altar of Vehumet.
  3634 | D:4      | Found a hide-covered altar of Uskayaw.
  3648 | D:4      | Became a worshipper of Uskayaw the Reveller
  3704 | D:4      | Reached * piety under Uskayaw
  3716 | D:4      | Reached ** piety under Uskayaw
  3718 | D:4      | Reached skill level 2 in Throwing
  3768 | D:4      | Found an iron altar of Okawaru.
  4011 | D:4      | Reached XP level 7. HP: 46/52 MP: 7/7
  4052 | D:4      | Reached skill level 3 in Throwing
  4052 | D:4      | Reached skill level 1 in Invocations
  4136 | D:5      | Entered Level 5 of the Dungeon
  4182 | D:5      | Reached skill level 2 in Invocations
  4240 | D:5      | Reached skill level 3 in Invocations
  4240 | D:5      | Reached skill level 1 in Stealth
  4269 | D:5      | Reached skill level 2 in Stealth
  4283 | D:5      | Found an ancient bone altar of Kikubaaqudgha.
  4283 | D:5      | Found a sacrificial altar of Ru.
  4302 | D:5      | Reached skill level 3 in Stealth
  4312 | D:5      | Slain by an ogre

Vanquished Creatures
  A black bear (D:5)
  2 ogres (D:4)
  2 phantoms
  A scorpion (D:5)
  A bombardier beetle (D:5)
  2 hounds
  An iguana (D:4)
  Natasha (thrice) (D:3)
  An orc wizard (D:4)
  Robin (D:3)
  An adder (D:4)
  2 gnolls
  A dart slug (D:1)
  A ribbon worm (D:3)
  6 orcs
  6 ball pythons
  4 endoplasms
  4 giant cockroaches
  16 goblins
  10 hobgoblins
  6 kobolds
  A quokka (D:4)
  3 bats
  5 frilled lizards
  15 rats
96 creatures vanquished.

Table legend: (Time is in decaauts)
 A = Elapsed time spent in this place.
 B = Non-inter-level travel time spent in this place.
 C = Inter-level travel time spent in this place.
 D = Time resting spent in this place.
 E = Time spent auto-exploring this place.
 F = Levels seen in this place.
 G = Mean time per level.
                   A        B        C        D        E       F      G
               +--------+--------+--------+--------+--------+-----+--------+
         Total |   4305 |   4161 |    144 |    112 |   2984 |   5 |  861.0 |
       Dungeon |   4305 |   4161 |    144 |    112 |   2984 |   5 |  861.0 |
               +--------+--------+--------+--------+--------+-----+--------+

Top non-repeatable levels by time:
     D:3: 1738 daAuts
     D:2: 1002 daAuts
     D:1: 719 daAuts
     D:4: 669 daAuts
     D:5: 175 daAuts

Table legend:
 A = Non-vault XP
 B = Vault XP
 C = Vault XP percentage of total XP
 D = Non-vault monster count
 E = Vault monster count
 F = Vault count percentage of total count
                 A         B        C        D         E       F
            +---------+---------+-------+---------+---------+-------
      Total |    1082 |      78 |   6.7 |      75 |      21 |  21.9
            +---------+---------+-------+---------+---------+-------
        D:1 |      37 |       0 |   0.0 |      14 |       0 |   0.0
        D:2 |      44 |       9 |  17.0 |      20 |       9 |  31.0
        D:3 |     207 |      69 |  25.0 |      21 |      12 |  36.4
        D:4 |     493 |       0 |   0.0 |      16 |       0 |   0.0
        D:5 |     301 |       0 |   0.0 |       4 |       0 |   0.0
            +---------+---------+-------+---------+---------+-------
